AoeStats
← Dodô Pressão

Arena

504806565Analyzed
4v4 RM · 27d ago on Sep 6, 2026· 62m 32s· 8 players
Game mode
Random Map
Map size
Large (8 player)
Population
200
Speed
Normal
Resources
Standard
Victory
Conquest
Starting age
Dark Age
Ending age
Imperial Age
RankedLock teamsTeams togetherTeam positionsShared explorationLock speedFull tech treeHidden civsTurbo modeCheats
Victory
Defeat
🇪🇸 Persians · Spain
699
+10
🇪🇸 Berbers · Spain
691
+10
🇧🇷 Romans · Brazil
612
+13
🇺🇸 Khmer · United States
606
+14
🇲🇽 Chinese · Mexico
697
-17
🇪🇸 Spanish · Spain
545
-11
🇧🇷 Georgians · Brazil
536
-11
🇬🇧 Portuguese · United Kingdom
452
-8
Farid Guadarrama
0:56 Loom
13:41 Feudal Age
14:08 Double-Bit Axe
15:01 Wheelbarrow
15:18 Horse Collar
23:07 Castle Age
22:18 Stone Mining
22:20 Gold Mining
24:08 Hand Cart
24:15 Bow Saw
24:44 Gold Shaft Mining
26:01 Stone Shaft Mining
27:10 Ballistics
26:46 Murder Holes
28:00 Thumb Ring
29:36 Padded Archer Armor
29:26 Fletching
32:23 Leather Archer Armor
32:04 Bodkin Arrow
37:56 Imperial Age
36:10 Town Watch
39:51 Chemistry
39:26 Ring Archer Armor
38:59 Bracer
40:20 Heavy Rocket Cart
42:23 Two-Man Saw
42:46 Elite Chu Ko Nu
50:05 Heavy Scorpion
55:56 Husbandry
agcoscojuela
0:29 Loom
18:43 Feudal Age
20:09 Wheelbarrow
19:46 Double-Bit Axe
19:48 Horse Collar
23:04 Castle Age
23:05 Gold Mining
23:08 Stone Mining
24:05 Hand Cart
24:06 Heavy Plow
24:08 Fletching
24:31 Bow Saw
25:02 Stone Shaft Mining
28:24 Imperial Age
27:17 Ballistics
27:09 Masonry
27:14 Fortified Wall
27:27 Bodkin Arrow
27:49 Murder Holes
28:39 Padded Archer Armor
30:14 Chemistry
29:45 Conscription
31:01 Two-Man Saw
30:09 Squires
29:55 Arson
32:20 Husbandry
32:31 Bloodlines
32:22 Town Watch
33:33 Bracer
33:49 Leather Archer Armor
34:41 Architecture
35:32 Ring Archer Armor
35:23 Elite Conquistador
39:26 Cavalier
40:36 Forging
40:33 Scale Barding Armor
42:43 Iron Casting
42:30 Chain Barding Armor
45:49 Blast Furnace
45:25 Plate Barding Armor
46:58 Paladin
49:42 Town Patrol
greninja88
0:29 Loom
12:57 Feudal Age
13:36 Double-Bit Axe
23:57 Castle Age
22:10 Fletching
22:31 Forging
22:18 Gold Mining
22:23 Stone Mining
23:37 Horse Collar
24:05 Padded Archer Armor
24:06 Scale Mail Armor
26:04 Bow Saw
26:34 Wheelbarrow
25:44 Town Watch
25:40 Pikeman
33:11 Elite Skirmisher
34:58 Bodkin Arrow
35:38 Iron Casting
37:45 Imperial Age
35:36 Leather Archer Armor
35:37 Chain Mail Armor
35:57 Iron Casting
35:19 Bodkin Arrow
36:05 Iron Casting
36:22 Stone Shaft Mining
36:25 Hand Cart
41:59 Town Patrol
46:08 Onager
Dodô Pressão
15:48 Feudal Age
16:17 Loom
17:38 Double-Bit Axe
17:36 Horse Collar
21:32 Castle Age
22:53 Wheelbarrow
24:42 Crossbowman
32:17 Horse Collar
33:24 Bow Saw
34:45 Heavy Plow
39:15 Gold Mining
39:16 Stone Mining
41:39 Stone Shaft Mining
45:50 Hand Cart
54:22 Imperial Age
54:51 Onager
57:22 Chemistry
57:42 Cavalier
Marcosvbh
9:59 Feudal Age
12:06 Double-Bit Axe
18:48 Castle Age
16:49 Horse Collar
18:16 Gold Mining
18:22 Stone Mining
23:47 Wheelbarrow
24:08 Caravan
25:23 Gold Shaft Mining
28:32 Hand Cart
29:41 Tusk Swords
29:54 Heavy Plow
34:27 Imperial Age
33:54 Stone Shaft Mining
35:39 Double Crossbow
36:04 Conscription
37:18 Elite Ballista Elephant
41:31 Fortified Wall
xerrinho
0:38 Loom
10:20 Feudal Age
11:10 Double-Bit Axe
13:10 Horse Collar
21:49 Castle Age
19:47 Gold Mining
20:05 Stone Mining
23:46 Wheelbarrow
25:06 Murder Holes
28:42 Bow Saw
28:45 Heavy Plow
29:05 Heavy Plow
33:02 Town Watch
34:32 Fortified Wall
35:25 Kasbah
35:43 Husbandry
35:54 Bloodlines
36:44 Gold Shaft Mining
36:55 Stone Shaft Mining
37:22 Scale Barding Armor
37:09 Fletching
37:31 Forging
37:23 Padded Archer Armor
37:44 Hand Cart
41:28 Imperial Age
41:33 Thumb Ring
43:08 Conscription
42:56 Maghrebi Camels
45:30 Ballistics
46:11 Chemistry
45:53 Elite Camel Archer
47:42 Elite Genitour
48:27 Bodkin Arrow
48:49 Leather Archer Armor
49:11 Iron Casting
48:37 Light Cavalry
51:21 Bracer
51:53 Ring Archer Armor
51:47 Chain Barding Armor
52:28 Blast Furnace
51:42 Heavy Camel Rider
56:32 Scale Mail Armor
57:28 Plate Barding Armor
56:54 Scale Mail Armor
59:47 Chain Mail Armor
RuubenESP
10:07 Feudal Age
13:44 Double-Bit Axe
15:06 Wheelbarrow
19:33 Castle Age
18:50 Man-at-Arms
19:52 Stone Mining
21:07 Long Swordsman
23:45 Pikeman
26:27 Horse Collar
35:24 Imperial Age
33:39 Bow Saw
34:51 Fletching
35:07 Scale Barding Armor
34:56 Horse Collar
35:14 Elite Skirmisher
38:39 Gold Mining
40:07 Bodkin Arrow
40:12 Padded Archer Armor
43:06 Hand Cart
44:13 Chemistry
46:33 Elite War Elephant
48:17 Heavy Camel Rider
58:11 Chain Barding Armor
Ze das sega
4:27 Loom
11:04 Feudal Age
15:22 Double-Bit Axe
15:19 Horse Collar
15:31 Gold Mining
20:44 Castle Age
18:50 Stone Mining
24:34 Gold Shaft Mining
24:11 Bow Saw
24:04 Heavy Plow
30:15 Ballistas
33:27 Imperial Age
31:38 Fortified Wall
31:49 Ballistics
34:39 Wheelbarrow
34:23 Capped Ram
36:18 Hand Cart
37:45 Heavy Scorpion
40:07 Siege Ram
43:15 Chemistry
44:49 Siege Engineers
44:57 Masonry
44:44 Murder Holes
44:57 Onager
62:29 Architecture
Connection lost

Rejoining the realm…

Still unreachable

The connection could not be restored.

Session expired

The server has moved on; the page needs a fresh start.